 Dungeon Crawl Stone Soup version 0.31-a0-219-g8d62b2e7bb (webtiles) character file.

Game seed: 7828938370281382511

101 AltDragon the Insei (level 4, -4/26 (29) HPs)
             Began as an Octopode Transmuter on July 3, 2023.
             Slain by a scorpion (6 damage)
             ... on level 3 of the Dungeon.
             The game lasted 00:09:49 (1796 turns).

AltDragon the Insei (Octopode Transmuter)           Turns: 1796, Time: 00:09:50

HP:   -4/26 (29)    AC:  1    Str:  9    XL:     4   Next: 75%
MP:   7/7           EV: 14    Int: 15    God:
Gold: 109           SH:  0    Dex: 14    Spells: 6/7 levels left

rFire   . .          .
                       - Unarmed
rCold   . . .        (no shield)
rNeg    . . .        (helmet restricted)
rPois   .            (no amulet)
rElec   .            (no ring)
rCorr   .            (no ring)
SInv    .            (no ring)
Will    .....        (no ring)
Stlth   +++          (no ring)
HPRegen 0.24/turn    (no ring)
MPRegen 0.10/turn    (no ring)
                     (no ring)

%: no passive effects
@: heavily drained
A: almost no armour, amphibious, 8 rings, camouflage 1, gelatinous body 1,
(nimble swimmer 1), tentacles
a: no special abilities


You were on level 3 of the Dungeon.
You visited 1 branch of the dungeon, and saw 3 of its levels.

You collected 109 gold pieces.

Inventory:

Jewellery
 f - an amulet of reflection
 k - an amulet of the acrobat
 n - a ring of protection from cold
Scrolls
 g - a scroll of enchant armour {unknown}
 l - a scroll of revelation {unknown}
 m - a scroll of vulnerability {unknown}
Potions
 a - a potion of lignification
 b - a potion of curing {unknown}
 c - a potion of attraction {unknown}
 d - 2 potions of brilliance {unknown}
 e - 2 potions of heal wounds {unknown}
 h - a potion of might {unknown}
 i - a potion of haste {unknown}
 j - a potion of mutation {unknown}
 o - 2 potions of enlightenment {unknown}


   Skills:
 + Level 1.7 Fighting
 * Level 3.0 Dodging
 + Level 2.1 Stealth
 * Level 3.6 Unarmed Combat
 + Level 2.3 Spellcasting
 + Level 2.3 Transmutations


You had 6 spell levels left.
You knew the following spells:

 Your Spells              Type           Power      Damage    Failure   Level
a - Beastly Appendage     Tmut           16%        N/A       9%          1

Your spell library contained the following spells:

 Spells                   Type           Power      Damage    Failure   Level
 Wereblood                Tmut           8%         N/A       12%         2
 Poisonous Vapours        Pois/Air       2%         N/A       32%         2
 Spider Form              Tmut/Pois      5%         N/A       36%         3
 Mephitic Cloud           Conj/Pois/Air  1%         N/A       54%         3
 Stone Arrow              Conj/Erth      2%         3d7       54%         3
 Ice Form                 Ice/Tmut       5%         N/A       78%         4
 Freezing Cloud           Conj/Ice/Air   0%         6-21      99%         5
 Lehudib's Crystal Spear  Conj/Erth      0%         10d2      100%        8
 Animate Armour           Summ/Erth      Unusable   N/A       N/A         4

Dungeon Overview and Level Annotations

Branches:
Dungeon (3/15)

Altars:

Annotations:
D:2 Sigmund
D:3 Terence


Innate Abilities, Weirdness & Mutations

You cannot wear most types of armour.
You are amphibious.
You can wear up to eight rings at the same time.
Your skin changes colour to match your surroundings (Stealth+).
Your rubbery body absorbs attacks. (AC +1, EV +1)
((You are camouflaged when in or above water. (Stealth+)))
You have tentacles for arms and can constrict up to eight enemies at once.


Message History

You kill the kobold!
A scorpion comes into view.
A scorpion is nearby!
Things that are here:
a +0 club; a kobold corpse Terence zaps a wand.
The puff of flame hits you!
You tentacle-slap the scorpion but do no damage.
You grab the scorpion. You squeeze the scorpion.
The scorpion is lightly wounded.
You constrict the scorpion.
The scorpion stings you but does no damage.
You tentacle-slap the scorpion but do no damage.
The scorpion is lightly wounded.
You constrict the scorpion, but do no damage.
The scorpion closely misses you.
Terence zaps a wand.
The puff of flame misses you.
The scorpion stings you but does no damage.
You tentacle-slap the scorpion. Your squeeze misses the scorpion.
The scorpion is moderately wounded.
You constrict the scorpion.
Terence hits you with the +7 Throatcutter {drain, coup de grace}!
You feel drained.
* * * LOW HITPOINT WARNING * * *
The scorpion completely misses you.
Unknown command.
You are too injured to fight recklessly!
You are too injured to fight recklessly!
You tentacle-slap Terence. You grab Terence. You squeeze Terence.
Terence is moderately wounded.
You constrict Terence, but do no damage.
You constrict the scorpion.
Terence hits you with the +7 Throatcutter {drain, coup de grace}.
* * * LOW HITPOINT WARNING * * *
You feel drained. The scorpion closely misses you.
You tentacle-slap Terence but do no damage.
Terence is moderately wounded.
You constrict Terence, but do no damage.
You constrict the scorpion. Terence closely misses you.
The scorpion stings you.
You die...

.# . ##. #..
##.##### ##
#..<...#
#...##.s###.#
......@@# #.###
#...###.# #...#
.@. #)# ###.# #
#.# #.#
#.#####.####..#
#.............#
#.........#....##
#.######..#.####
#. #..#.#


You could see Terence and a scorpion.

Vanquished Creatures
  Robin (D:2)
  An adder (D:2)
  3 dart slugs
  5 ball pythons (D:1)
  6 endoplasms
  A giant cockroach (D:1)
  10 goblins
  10 hobgoblins
  8 jackals
  4 quokkas
  2 bats
  2 frilled lizards (D:1)
  4 kobolds
  8 rats (D:1)
65 creatures vanquished.

Notes
Turn   | Place    | Note
-------+----------+-------------------------------------------
     0 | D:1      | AltDragon the Octopode Transmuter began the quest for the
                  | Orb.
     0 | D:1      | Reached XP level 1. HP: 13/13 MP: 3/3
    68 | D:1      | Reached XP level 2. HP: 13/18 MP: 5/5
   197 | D:1      | Reached skill level 1 in Stealth
   282 | D:1      | Reached XP level 3. HP: 23/23 MP: 6/6
   903 | D:2      | Reached XP level 4. HP: 25/28 MP: 7/7
  1088 | D:2      | Noticed Sigmund
  1097 | D:2      | Noticed Robin
  1115 | D:2      | Killed Robin
  1662 | D:3      | Noticed Terence
  1788 | D:3      | Noticed a scorpion
  1796 | D:3      | Slain by a scorpion

Illustrated notes

Levels and vault maps discovered:
D:1:      onia_arrival_handbag, layout_loops_ring
D:2:      layout_rooms, minmay_door_square, uniq_robin, uniq_sigmund
D:3:      layout_loops_ring, amcnicky_mini_rare_corridor_liquid, minmay_puff,
          uniq_terence

Skill      XL: |  1  2  3  4 |
---------------+-------------+-----
Stealth        | 1 2 |  2.1
Dodging        | 3 |  3.0
Fighting       | |  1.7
Unarmed Combat | |  3.6
Spellcasting   | |  2.3
Transmutations | |  2.3

Action                     |  1- 3 |  4- 6 || total
---------------------------+-------+-------++-------
  Melee: Unarmed           |    77 |    59 ||   136
         Constrict         |    24 |    19 ||    43
         Tentacles         |    25 |    20 ||    45
         Punch             |     4 |     2 ||     6
         Kick              |       |     4 ||     4
   Cast: Beastly Appendage |       |     1 ||     1
   Stab: Sleeping          |     7 |     1 ||     8
 Armour: Skin              |     5 |     7 ||    12
  Dodge: Dodged            |    51 |    40 ||    91

Table legend: (Time is in decaauts)
 A = Elapsed time spent in this place.
 B = Non-inter-level travel time spent in this place.
 C = Inter-level travel time spent in this place.
 D = Time resting spent in this place.
 E = Time spent auto-exploring this place.
 F = Levels seen in this place.
 G = Mean time per level.
                   A        B        C        D        E       F      G
               +--------+--------+--------+--------+--------+-----+--------+
         Total |   1787 |   1720 |     67 |    355 |   1001 |   3 |  595.7 |
       Dungeon |   1787 |   1720 |     67 |    355 |   1001 |   3 |  595.7 |
               +--------+--------+--------+--------+--------+-----+--------+

Top non-repeatable levels by time:
     D:1: 928 daAuts
     D:2: 724 daAuts
     D:3: 133 daAuts
